 Dungeon Crawl Stone Soup version 0.30-a0-172-gc5509c9e31 (webtiles) character file.

Game seed: 13017592915143143437

35806 LnG the Unseen (level 14, -16/79 HPs)
             Began as a Kobold Summoner on Oct 1, 2022.
             Was an Elder of Dithmenos.
             Demolished by a tengu warrior
             ... wielding a +0 broad axe
              (22 damage)
             ... on level 14 of the Dungeon.
             The game lasted 01:18:35 (20422 turns).

LnG the Unseen (Kobold Summoner)                   Turns: 20422, Time: 01:18:35

Health: -16/79     AC: 11    Str:  6    XL:     14   Next: 20%
Magic:  28/38      EV: 19    Int: 20    God:    Dithmenos [****..]
Gold:   1320       SH:  0    Dex: 16    Spells: 16/36 levels left

rFire   + . .      SeeInvis .    I - +6 dagger (speed)
rCold   . . .      Faith    .    (no shield)
rNeg    . . .      Spirit   .    a - +1 robe
rPois   .          Reflect  .    r - +2 helmet
rElec   .          Harm     .    o - +0 cloak
rCorr   .          Rampage  .    R - +0 pair of gloves
Will    +....                    F - +2 pair of boots {Fly} Stlth *+++++++++
                                 L - amulet of magic regeneration
HPRegen 0.33/turn                S - ring "Ethranud" {rF+ Slay+4}
MPRegen 0.66/turn                j - ring of magical power

@: flying, wreathed by umbra
A: small, no large weapons, nightstalker 3
a: Renounce Religion, Shadow Step


You were on level 14 of the Dungeon.
You worshipped Dithmenos.
Dithmenos was greatly pleased with you.
You visited 2 branches of the dungeon, and saw 16 of its levels.

You collected 1947 gold pieces.
You spent 627 gold pieces at shops.

Inventory:

Hand Weapons
 I - a +6 dagger of speed (weapon)
Missiles
 h - 2 throwing nets
Armour
 a - a +1 robe (worn)
 o - a +0 cloak (worn)
 r - a +2 helmet (worn)
 F - a +2 pair of boots of flying (worn)
 R - a +0 pair of gloves (worn)
Jewellery
 i - an amulet of reflection
 j - a ring of magical power (right hand)
 n - a ring of protection from cold
 p - a +6 ring of strength
 t - a +6 ring of dexterity
 x - a ring of flight
 B - a ring of magical power
 D - a ring of see invisible
 E - a +6 ring of dexterity
 H - a ring of resist corrosion
 J - a ring of willpower
 L - an amulet of magic regeneration (around neck)
 N - a ring of protection from fire
 P - a ring of wizardry
 S - the ring "Ethranud" (left hand) {rF+ Slay+4}
   (You found it on level 12 of the Dungeon)

   [ring of slaying]

   Slay:      It affects your accuracy & damage with ranged weapons and melee
   (+4).
   rF:        It protects you from fire.
Wands
 w - a wand of charming (6)
 y - a wand of acid (11)
 C - a wand of roots (10)
 K - a wand of digging (6)
 T - a wand of polymorph (6)
Scrolls
 e - 2 scrolls of poison
 f - 8 scrolls of teleportation
 m - 3 scrolls of amnesia
 s - 2 scrolls of vulnerability
 v - 2 scrolls of magic mapping
 G - a scroll of fog
 Q - 3 scrolls of fear {unknown}
 U - a scroll of brand weapon {unknown}
Potions
 b - a potion of magic
 c - 3 potions of berserk rage
 d - 3 potions of lignification
 g - a potion of curing
 k - 2 potions of resistance
 l - 4 potions of attraction
 q - 3 potions of might
 u - 2 potions of flight
 z - 2 potions of degeneration
 A - a potion of mutation
Miscellaneous
 O - a phantom mirror


   Skills:
 + Level 5.6 Fighting
 + Level 10.1 Short Blades
 + Level 8.8 Dodging
 + Level 16.3 Stealth
 + Level 11.5 Spellcasting
 + Level 0.7 Hexes
 + Level 11.2 Summonings
 + Level 5.1 Air Magic
 * Level 5.1 Invocations
 + Level 0.2 Evocations


You had 16 spell levels left.
You knew the following spells:

 Your Spells              Type           Power      Damage    Failure   Level
a - Summon Small Mammal   Summ           100%       N/A       1%          1
b - Call Imp              Summ           54%        N/A       1%          2
c - Call Canine Familiar  Summ           54%        N/A       1%          3
d - Summon Guardian Gole  Hex/Summ       35%        N/A       1%          3
e - Summon Lightning Spi  Summ/Air       44%        N/A       1%          4
f - Summon Hydra          Summ           27%        N/A       45%         7

Your spell library contained the following spells:

 Spells                   Type           Power      Damage    Failure   Level
 Slow                     Hex            56%        N/A       4%          1
 Animate Armour           Summ/Erth      68%        N/A       6%          4
 Sublimation of Blood     Necr           11%        N/A       9%          2
 Wereblood                Tmut           11%        N/A       9%          2
 Kindle Blastsparks       Fire/Tloc/Air  36%        2d13      9%          3
 Confusing Touch          Hex            14%        N/A       13%         3
 Dazzling Flash           Conj/Hex       26%        N/A       16%         3
 Ignite Poison            Fire/Tmut/Pois 11%        N/A       19%         3
 Stone Arrow              Conj/Erth      22%        3d8       19%         3
 Vampiric Draining        Necr           11%        2d6       19%         3
 Fulminant Prism          Conj/Hex       6%         3d7       45%         4
 Iskenderun's Mystic Bla  Conj/Tloc      11%        2d4       52%         4
 Sticky Flame             Conj/Fire      11%        2d3       52%         4
 Lee's Rapid Deconstruct  Erth           5%         3d7*      86%         5
 Starburst                Conj/Fire      5%         6d4       100%        6
 Ignition                 Fire           5%         3d4       100%        8
 Lehudib's Crystal Spear  Conj/Erth      5%         10d3      100%        8


Dungeon Overview and Level Annotations

Branches:
Dungeon (15/15)            Temple (1/1) D:4            Lair (0/5) D:9
    Orc (0/2) D:12         Vaults (0/5) D:13         Depths (0/4) D:15

Altars:
Ashenzari
Cheibriados
Dithmenos
Elyvilon
Fedhas
Gozag
Hepliaklqana
Kikubaaqudgha
Makhleb
Nemelex Xobeh
Okawaru
Qazlal
Ru
Sif Muna
Trog
Uskayaw
Vehumet
Wu Jian
Xom
Yredelemnul
Zin
The Shining One

Shops:
D:1 [[

Annotations:
D:3 1 runed translucent door, Crazy Yiuf


Innate Abilities, Weirdness & Mutations

You are small and have problems with some larger weapons.
You are completely attuned to the shadows.


Message History

There is a stone staircase leading down here.
Casting: Call Canine Familiar (safe; 1% risk of failure)
Confirm with . or Enter, or press ? or * to list all spells.
The tengu warrior barely misses you.
The tengu warrior hits your wolf with a +0 broad axe!
The tengu warrior pecks you but does no damage.
The tengu warrior claws you.
Unknown command.
Casting: Call Canine Familiar (safe; 1% risk of failure)
Confirm with . or Enter, or press ? or * to list all spells.
An electric hum fills the air.
Your wolf closely misses the tengu warrior.
The tengu warrior hits you with a +0 broad axe.
The tengu warrior misses your wolf.
The tengu warrior hits your lightning spire with a +0 broad axe.
The tengu warrior barely misses you. The tengu warrior misses you.
Casting: Summon Lightning Spire (dangerous; 1% risk of failure)
Confirm with . or Enter, or press ? or * to list all spells.
A beastly little devil appears in a puff of flame.
The tengu warrior blocks your wolf's attack.
Your wolf bites the tengu warrior!
The tengu warrior hits you with a +0 broad axe!
The tengu warrior hits your wolf with a +0 broad axe!
Your wolf dies!
Your wolf's corpse disappears in a puff of smoke!
The tengu warrior hits your lightning spire with a +0 broad axe!
The tengu warrior pecks you but does no damage.
The tengu warrior misses you.
Casting: Call Imp (safe; 1% risk of failure)
Confirm with . or Enter, or press ? or * to list all spells.
The tengu warrior hits you with a +0 broad axe!!
* * * LOW HITPOINT WARNING * * *
The tengu warrior hits your lightning spire but does no damage.
The tengu warrior closely misses you. The tengu warrior claws you.
* * * LOW HITPOINT WARNING * * *
Your lightning spire shoots out a bolt of lightning at the tengu warrior!
The bolt of electricity misses the tengu warrior.
The tengu warrior attacks as you move away!
The tengu warrior hits you with a +0 broad axe!!
You die...

################...##############
...........................^.....
###########..####################
#..# #..#
###########..####################
................8............)...
................5Q...............
.##############h@................
.# #.................. .#
#.................. .#
#.................. .#
#..................
.##############..................
....>............................
.............####################
.............#


You could see a tengu warrior (ally target), a friendly warg (summoned), a
friendly lightning spire (summoned) and a friendly crimson imp (summoned).

Vanquished Creatures
  Agnes (D:15)
  3 vault guards (D:13)
  2 boulder beetles
  6 two-headed ogres
  4 centaur warriors
  A tengu warrior (D:14)
  A phantasmal warrior (D:14)
  3 deep elf pyromancers
  10 ugly things
  2 manticores
  2 cyclopes
  3 komodo dragons
  An efreet (D:14)
  A tengu conjurer (D:14)
  A komodo dragon (shapeshifter) (D:13)
  3 trolls
  Prince Ribbit (D:9)
  A hornet (D:9)
  5 slime creatures (D:13)
  A water elemental (D:15)
  A vampire (D:9)
  7 wraiths
  3 shadows
  2 wyverns
  2 yaks
  A basilisk (D:14)
  A steam dragon (D:8)
  4 humans (D:13)
  4 vampire mosquitoes
  3 water moccasins
  An ice beast (D:6)
  8 orc warriors
  3 black bears
  2 sky beasts
  4 ogres
  4 centaurs
  2 phantoms
  A kobold brigand (D:9)
  A necrophage (D:7)
  3 bullfrogs
  A gnoll sergeant (D:12)
  A scorpion (D:6)
  4 wights
  Dowan (D:6)
  8 howler monkeys
  2 jellies
  6 orc priests
  A hound (D:6)
  6 iguanas
  9 orc wizards
  4 gnolls
  3 adders
  A worm (D:2)
  5 dart slugs
  29 orcs
  An endoplasm (D:2)
  5 goblins
  7 hobgoblins
  A quokka (D:1)
  4 ball pythons
  A frilled lizard (D:2)
  4 kobolds
  6 rats
219 creatures vanquished.

Vanquished Creatures (collateral kills)
  A death knight (D:14)
  2 two-headed ogres (D:10)
  A deep elf pyromancer (D:14)
  2 ugly things
  An unseen horror (D:11)
  Grinder (D:6)
  3 yaks (D:6)
  2 humans (D:13)
  3 vampire mosquitoes
  An acid dragon (D:10)
  A nameless horror (D:6)
  2 sky beasts (D:6)
  3 orc warriors
  5 ogres
  2 centaurs (D:6)
  3 phantoms
  A kobold brigand (D:6)
  A bullfrog (D:9)
  3 gnoll sergeants
  A necrophage (D:6)
  A wight (D:10)
  3 howler monkeys
  A gnoll bouda (D:9)
  4 jellies
  2 orc priests
  A hound (D:5)
  3 orc wizards
  6 gnolls
  A shadow imp (D:6)
  2 white imps (D:6)
  A worm (D:2)
  28 orcs
  4 endoplasms
  2 goblins
  2 hobgoblins (D:1)
  6 kobolds
  2 ball pythons
  A bat (D:3)
109 creatures vanquished.

Vanquished Creatures (others)
  2 humans (D:13)
  A water moccasin (D:5)
  Duvessa (D:6)
  Ijyb (D:5)
  An orc wizard (D:7)
  A shadow imp (D:5)
  7 plants (D:9)
14 creatures vanquished.

Grand Total: 342 creatures vanquished

Notes
Turn   | Place    | Note
-------+----------+-------------------------------------------
     0 | D:1      | LnG the Kobold Summoner began the quest for the Orb.
     0 | D:1      | Reached XP level 1. HP: 10/10 MP: 3/3
   206 | D:1      | Reached XP level 2. HP: 12/15 MP: 0/5
   209 | D:1      | Learned a level 2 spell: Call Imp
   300 | D:1      | Found a faded altar of an unknown god.
   465 | D:1      | Found Myxtaq's Armour Shop.
   860 | D:1      | Found Muthyg's Antique Armour Shop.
   891 | D:1      | Reached XP level 3. HP: 19/19 MP: 6/6
   963 | D:1      | Reached skill level 3 in Stealth
  1154 | D:1      | Found Fewezeeg's Magic Scroll Emporium.
  1578 | D:2      | Reached skill level 1 in Short Blades
  1582 | D:2      | Learned a level 3 spell: Call Canine Familiar
  1845 | D:2      | You fall into a shaft and drop 1 floor!
  2050 | D:3      | Found a basalt altar of Yredelemnul.
  2314 | D:2      | Reached XP level 4. HP: 24/24 MP: 7/7
  2637 | D:3      | Reached XP level 5. HP: 17/28 MP: 9/9
  2641 | D:3      | Learned a level 3 spell: Summon Guardian Golem
  2717 | D:3      | Noticed a phantom
  2736 | D:3      | Killed a phantom
  2737 | D:3      | Reached skill level 1 in Fighting
  2737 | D:3      | Reached skill level 4 in Stealth
  2737 | D:3      | Reached skill level 5 in Summonings
  3062 | D:3      | Found a sparkling altar of Nemelex Xobeh.
  3062 | D:3      | Found an ornate altar of the Wu Jian Council.
  3062 | D:3      | Found an ancient bone altar of Kikubaaqudgha.
  3064 | D:3      | Found a burning altar of Makhleb.
  3135 | D:3      | Found a runed translucent door.
  3138 | D:3      | Noticed Crazy Yiuf
  3344 | D:1      | Bought a scroll of identify for 28 gold pieces
  3344 | D:1      | Bought a scroll of identify for 28 gold pieces
  3362 | D:1      | Bought a helmet for 103 gold pieces
  3567 | D:4      | Reached XP level 6. HP: 34/34 MP: 10/10
  3697 | D:4      | Noticed an ogre
  3706 | D:4      | Killed an ogre
  3855 | D:4      | Reached skill level 5 in Stealth
  3856 | D:4      | Noticed a black bear
  3871 | D:4      | Killed a black bear
  3872 | D:4      | Reached XP level 7. HP: 15/38 MP: 12/12
  3963 | D:4      | Learned a level 4 spell: Summon Lightning Spire
  4025 | D:4      | Found a staircase to the Ecumenical Temple.
  4618 | D:5      | Entered Level 5 of the Dungeon
  4700 | D:5      | Noticed Ijyb
  4738 | D:5      | Killed Ijyb
  4830 | D:5      | Noticed a water moccasin
  4847 | D:5      | Killed a water moccasin
  5669 | Temple   | Entered the Ecumenical Temple
  6141 | D:6      | Reached XP level 8. HP: 44/44 MP: 14/14
  6177 | D:6      | Reached skill level 6 in Stealth
  6186 | D:6      | HP: 1/44 [centaur/arrow (11)]
  6539 | D:6      | Noticed Grinder
  6551 | D:6      | Killed Grinder
  6640 | D:6      | Reached skill level 5 in Spellcasting
  6672 | D:6      | Reached XP level 9. HP: 21/49 MP: 15/17
  6941 | D:6      | Reached skill level 5 in Dodging
  7017 | D:6      | Noticed Dowan
  7018 | D:6      | Noticed a nameless horror
  7026 | D:6      | Noticed Duvessa
  7216 | D:6      | Reached skill level 7 in Stealth
  7220 | D:6      | Reached skill level 5 in Short Blades
  7232 | D:6      | HP: 1/76 [yak (10)]
  7625 | D:6      | Killed Duvessa
  7768 | D:6      | Killed a nameless horror
  7791 | D:6      | Killed Dowan
  7980 | D:7      | Reached XP level 10. HP: 56/56 MP: 20/20
  8165 | D:7      | Reached skill level 8 in Stealth
  8165 | D:7      | Reached skill level 1 in Air Magic
  8198 | D:7      | Found a snail-covered altar of Cheibriados.
  8475 | D:7      | Reached skill level 9 in Stealth
  8550 | D:7      | Found a shadowy altar of Dithmenos.
  8573 | D:7      | Became a worshipper of Dithmenos the Shadowed
  9286 | D:8      | Identified the +3 scale mail of the Will of the Gods
                  | {Rampage rF- Str+6 Dex+2}
  9346 | D:8      | Found a sacrificial altar of Ru.
  9705 | D:8      | Found an opulent altar of Gozag.
  9750 | D:8      | Reached skill level 10 in Stealth
  9973 | D:8      | Found a glowing golden altar of the Shining One.
  9974 | D:8      | Found a stormy altar of Qazlal.
  9974 | D:8      | Found a bloodstained altar of Trog.
  9976 | D:8      | Found a shimmering altar of Xom.
  9976 | D:8      | Found a white marble altar of Elyvilon.
  9980 | D:8      | Found a hazy altar of Hepliaklqana.
  9981 | D:8      | Found a blossoming altar of Fedhas.
 10255 | D:9      | Reached * piety under Dithmenos
 10264 | D:9      | Noticed a komodo dragon
 10290 | D:9      | Killed a komodo dragon
 10346 | D:9      | Found a staircase to the Lair.
 10655 | D:9      | Noticed a two-headed ogre
 10659 | D:9      | Killed a two-headed ogre
 10659 | D:9      | Reached ** piety under Dithmenos
 10660 | D:9      | Reached skill level 11 in Stealth
 10660 | D:9      | Reached XP level 11. HP: 61/61 MP: 22/22
 10829 | D:9      | Noticed a centaur warrior
 10830 | D:9      | Noticed a centaur warrior
 10831 | D:9      | Killed a centaur warrior
 10832 | D:9      | Reached skill level 12 in Stealth
 10832 | D:9      | Killed a centaur warrior
 10835 | D:9      | Noticed a deep elf pyromancer
 10836 | D:9      | Noticed a two-headed ogre
 10837 | D:9      | Killed a two-headed ogre
 10839 | D:9      | Killed a deep elf pyromancer
 10840 | D:9      | Reached skill level 13 in Stealth
 11146 | D:9      | Noticed Prince Ribbit
 11155 | D:9      | Killed Prince Ribbit
 11708 | D:10     | Entered Level 10 of the Dungeon
 11855 | D:10     | Reached *** piety under Dithmenos
 11930 | D:10     | Noticed a two-headed ogre
 12301 | D:10     | Killed a two-headed ogre
 12302 | D:10     | Reached XP level 12. HP: 47/67 MP: 24/24
 12726 | D:10     | Noticed a two-headed ogre
 12741 | D:10     | Killed a two-headed ogre
 13345 | D:11     | Reached skill level 14 in Stealth
 13465 | D:11     | Noticed a two-headed ogre
 13467 | D:11     | Killed a two-headed ogre
 13668 | D:11     | Noticed a two-headed ogre
 13672 | D:11     | Killed a two-headed ogre
 13964 | D:12     | Noticed a two-headed ogre
 13968 | D:12     | Killed a two-headed ogre
 14133 | D:12     | Found a staircase to the Orcish Mines.
 14349 | D:12     | Reached **** piety under Dithmenos
 14540 | D:12     | Reached skill level 10 in Summonings
 14624 | D:12     | Noticed a two-headed ogre
 14635 | D:12     | Killed a two-headed ogre
 14662 | D:12     | Identified the ring "Ethranud" {rF+ Slay+4}
 14684 | D:12     | Noticed a skeletal warrior
 14686 | D:12     | Noticed a skeletal warrior
 14688 | D:12     | Noticed a skeletal warrior
 15108 | D:13     | Identified the +0 flail of Houthroo {flame, Int+2}
 15139 | D:13     | Identified a scroll of acquirement
 15140 | D:13     | Acquired 803 gold pieces
 15263 | D:12     | Reached skill level 15 in Stealth
 15263 | D:12     | Reached skill level 10 in Spellcasting
 15532 | D:1      | Bought a +0 cloak for 58 gold pieces
 15532 | D:1      | Bought a +1 pair of boots of flying for 214 gold pieces
 15594 | D:1      | Bought a scroll of teleportation for 42 gold pieces
 15594 | D:1      | Bought a scroll of poison for 56 gold pieces
 15594 | D:1      | Bought a scroll of amnesia for 56 gold pieces
 15594 | D:1      | Bought a scroll of teleportation for 42 gold pieces
 15939 | D:13     | Noticed a boulder beetle
 15970 | D:13     | Killed a boulder beetle
 15971 | D:13     | Reached XP level 13. HP: 59/72 MP: 27/27
 16230 | D:13     | Reached skill level 5 in Fighting
 16231 | D:13     | Reached skill level 1 in Invocations
 16677 | D:13     | Noticed a vault guard
 16678 | D:13     | Noticed a vault guard
 16853 | D:13     | Noticed a vault guard
 16872 | D:13     | Killed a vault guard
 17010 | D:13     | Killed a vault guard
 17069 | D:13     | Found a gate to the Vaults.
 17113 | D:13     | Killed a vault guard
 17408 | D:14     | Reached skill level 10 in Short Blades
 17564 | D:14     | Reached skill level 16 in Stealth
 18641 | D:14     | Noticed a centaur warrior
 18659 | D:14     | Killed a centaur warrior
 19012 | D:14     | Learned a level 7 spell: Summon Hydra
 19047 | D:15     | Entered Level 15 of the Dungeon
 19140 | D:15     | Noticed Agnes
 19144 | D:15     | Killed Agnes
 19145 | D:15     | Reached XP level 14. HP: 78/78 MP: 29/29
 19213 | D:15     | Reached skill level 5 in Air Magic
 19359 | D:15     | Reached skill level 5 in Invocations
 19648 | D:14     | HP: 2/78 [death knight/+0 battleaxe (10)]
 20422 | D:14     | Demolished by a tengu warrior

Illustrated notes

Levels and vault maps discovered:
D:1:      amcnicky_arrival_double_pillar, layout_basic, serial_shops,
          shop_coins, shop, nicolae_shop_advertising_works
          [nicolae_subvault_shop_adworks],
          shapermc_ecumenical_altar_mp_highgroup, minmay_pentomino_x2
D:2:      layout_basic
D:3:      layout_basic, mainiacjoe_overflow_surrounded_room,
          chequers_temple_overflow_statue_of_worship, serial_glass,
          glass_columns_a, glass_columns_a, glass_columns_b, glass_columns_b,
          glass_columns_b, glass_columns_b, glass_columns_c, glass_columns_b,
          uniq_crazy_yiuf_cottage
D:4:      layout_basic, minmay_temple_entry_from_below_a, minmay_box_of_dots
D:5:      layout_loops_ring, roderic_roman_lattice, uniq_ijyb
D:6:      minmay_diamond_boxcup, layout_rooms, kennysheep_generic_room_6,
          uniq_grinder, uniq_duvessa
D:7:      layout_basic, grunt_dithmenos_shadows, general_overflow_altar
D:8:      layout_gridville, amcnicky_altar_gilded, grunt_temple_overflow_open,
          nicolae_ru_path_of_blood
D:9:      minmay_the_grid_octo_tiled_squarecenter [minmay_the_grid_octo_empty,
          minmay_the_grid_octo_focus, minmay_the_grid_octo_fat_diamond,
          minmay_the_grid_octo_checkered,
          minmay_the_grid_square_5x5_megaprize_checkered,
          minmay_the_grid_square_5x5_one_wall,
          minmay_the_grid_square_5x5_six_small,
          minmay_the_grid_square_5x5_empty,
          minmay_the_grid_square_5x5_two_walls_a], layout_rooms,
          david_lair_shrubbed, special_room [special_room_orc],
          uniq_prince_ribbit1
D:10:     layout_basic
D:11:     layout_roguey
D:12:     layout_gridville, kennysheep_orc_monster_closet_entryway
D:13:     layout_loops_ring, ximxim_vaults_locker_room
D:14:     layout_long_grid
D:15:     grunt_enter_depths_magical_seal, layout_loops_ring,
          kennysheep_crisscross, uniq_agnes
Temple:   hellmonk_temple_beads

Skill      XL: |  1  2  3  4  5  6  7  8  9 10 11 12 13 14 |
---------------+-------------------------------------------+-----
Stealth        | 3 4 5 6 7 11 13 15 16 | 16.3
Short Blades   | 1 2 3 4 5 7 8 9 10 | 10.1
Fighting       | 1 2 3 4 5 |  5.6
Spellcasting   | 3 4 5 6 7 8 10 11 | 11.5
Summonings     | 5 6 7 8 9 10 11 | 11.2
Dodging        | 3 4 6 7 8 |  8.8
Air Magic      | 2 3 4 5 |  5.1
Invocations    | 4 5 |  5.1
Hexes          | |  0.7
Evocations     | |  0.2

Action                   |  1- 3 |  4- 6 |  7- 9 | 10-12 | 13-15 || total
-------------------------+-------+-------+-------+-------+-------++-------
Melee: Unarmed           |    19 |       |       |       |       ||    19
       Dagger            |    45 |    70 |   275 |   526 |   242 ||  1158
       Punch             |       |       |     6 |     5 |     3 ||    14
 Cast: Summon Small Mamm |    11 |       |       |       |       ||    11
       Call Imp          |     7 |     6 |    15 |    12 |    11 ||    51
       Call Canine Famil |     1 |     7 |    23 |    37 |    38 ||   106
       Summon Guardian G |       |       |     7 |       |       ||     7
       Summon Lightning  |       |       |     6 |    33 |    29 ||    68
Evoke: Wand              |       |       |     2 |       |       ||     2
  Use: Scroll            |     6 |     3 |     5 |    15 |     7 ||    36
       Potion            |       |       |     9 |     2 |     1 ||    12
 Stab: Sleeping          |    13 |     9 |    12 |    60 |    21 ||   115
       Distracted        |       |     1 |     5 |    12 |     6 ||    24
       Betrayed ally     |       |       |       |     1 |       ||     1
Armor: Robe              |     2 |    19 |    49 |    42 |    43 ||   155
       Skin              |       |       |    51 |       |       ||    51
Dodge: Dodged            |    39 |    58 |   184 |   275 |   148 ||   704

Table legend: (Time is in decaauts)
 A = Elapsed time spent in this place.
 B = Non-inter-level travel time spent in this place.
 C = Inter-level travel time spent in this place.
 D = Time resting spent in this place.
 E = Time spent auto-exploring this place.
 F = Levels seen in this place.
 G = Mean time per level.
                   A        B        C        D        E       F      G
               +--------+--------+--------+--------+--------+-----+--------+
         Total |  19921 |  17880 |   2041 |   4234 |   9336 |  16 | 1245.1 |
       Dungeon |  19599 |  17711 |   1888 |   4234 |   9175 |  15 | 1306.6 |
        Temple |    321 |    168 |    153 |      0 |    161 |   1 |  321.0 |
               +--------+--------+--------+--------+--------+-----+--------+

Top non-repeatable levels by time:
    D:14: 2079 daAuts
     D:6: 1864 daAuts
    D:13: 1746 daAuts
     D:1: 1640 daAuts
     D:9: 1573 daAuts
    D:10: 1289 daAuts
     D:5: 1235 daAuts
     D:3: 1204 daAuts
     D:4: 1127 daAuts
     D:8: 1096 daAuts
     D:7: 1077 daAuts
     D:2: 1025 daAuts
    D:12: 969 daAuts
    D:11: 954 daAuts
    D:15: 715 daAuts
